 Dungeon Crawl Stone Soup version 0.18.1-50-g88ac8fd (webtiles) character file.

53 GluteusMaximus the Poker (level 3, 0/23 HPs)
             Began as a Tengu Berserker on Jan 15, 2017.
             Was a Believer of Trog.
             Shot with an arrow by a centaur (13 damage)
             ... on level 3 of the Dungeon.
             The game lasted 00:06:55 (1758 turns).

GluteusMaximus the Poker (Tengu Berserker)          Turns: 1758, Time: 00:06:55

Health: 0/23       AC:  5    Str: 17    XL:     3   Next: 89%
Magic:  4/4        EV: 11    Int:  7    God:    Trog [**....]
Gold:   108        SH:  0    Dex: 14    Spells: 0 memorised, 2 levels left

rFire  x . .     SeeInvis .     a - +0 spear
rCold  + . .     Gourm    .     n - +0 ring mail
rNeg   . . .     Faith    .     (no shield)
rPois  .         Spirit   .     (helmet restricted)
rElec  .         Dismiss  .     (no cloak)
rCorr  .         Reflect  .     (no gloves)
SustAt .         Harm     .     (boots unavailable)
MR     +....                    (no amulet)
Stlth  +.........               o - ring of protection from magic
                                j - ring of ice

@: somewhat resistant to hostile enchantments, very unstealthy
A: beak, talons 3
a: Berserk, Trog's Hand, Burn Spellbooks, Renounce Religion


You were on level 3 of the Dungeon.
You worshipped Trog.
Trog was pleased with you.
You were not hungry.

You visited 1 branch of the dungeon, and saw 3 of its levels.

You collected 108 gold pieces.

Inventory:

Hand Weapons
 a - a +0 spear (weapon)
 l - a +0 hunting sling
Missiles
 d - 19 sling bullets
Armour
 n - a +0 ring mail (worn)
Jewellery
 j - a ring of ice (left hand)
 o - a ring of protection from magic (right hand)
Wands
 k - a wand of random effects (17/48)
 r - a wand of teleportation (3/9)
Scrolls
 b - a scroll of amnesia
Potions
 g - a potion of ambrosia {unknown}
 m - 2 potions of flight {unknown}
 p - 2 potions of cancellation {unknown}
Comestibles
 c - 2 bread rations
 f - a beef jerky
 h - 2 chunks of flesh
 q - a slice of pizza


   Skills:
 + Level 3.6 Fighting
 + Level 4.3 Polearms
 + Level 2.2 Armour
 + Level 2.4 Dodging
 + Level 0.2 Stealth


You had 2 spell levels left.
You didn't know any spells.

Dungeon Overview and Level Annotations

Branches:
Dungeon (3/15)

Altars:
Xom


Innate Abilities, Weirdness & Mutations

You have a beak for a mouth.
You have claws for feet.


Message History

You closely miss the hobgoblin. You claw the hobgoblin.
The hobgoblin is almost dead.
The hobgoblin hits you.
You hit the hobgoblin but do no damage. Your kick misses the hobgoblin.
Your peck misses the hobgoblin.
The hobgoblin is almost dead.
The hobgoblin barely misses you.
You hit the hobgoblin.
You kill the hobgoblin!
Trog accepts your kill.
You see here a hobgoblin corpse.
Found a stone staircase leading down.
A centaur comes into view.
The centaur shouts!
The centaur wields a shortbow.
The centaur shoots an arrow.
The arrow hits you.
Found a stone staircase leading up.
You see here an arrow.
The centaur shoots an arrow.
The arrow hits you!
Ouch! That really hurt!
You die...

#.# ####* #.# #...* ###.#
# ###...### ##...#####
#.......######.###.##..
#...........†.## ##.#.#
#<..>...#####.# #...#
#.............## ##.#.#
#.....@.(#####.###.....
#.c.....#.#* #...)#####
#.......##.#*#..)## #
##.#..###*#.##...# #
*#.#..#**,,,......# *
*#.*##.,**,*#.##..##*****
**.**
##,,*,#.*,....,,,,,, *,**
**,,..,,.#..#****** **,**
**,,,.,,..#..#


You could see a centaur.

Vanquished Creatures
  An adder (D:2)
  An ooze (D:1)
  A worm (D:2)
  A dart slug (D:2)
  2 giant geckos
  An orc (D:3)
  2 giant cockroaches
  6 goblins
  4 hobgoblins
  2 jackals (D:1)
  3 bats
  3 giant newts (D:1)
  A kobold (D:1)
  4 rats
32 creatures vanquished.

Notes
Turn   | Place    | Note
--------------------------------------------------------------
     0 | D:1      | GluteusMaximus the Tengu Berserker began the quest for the Orb.
     0 | D:1      | Reached XP level 1. HP: 14/14 MP: 2/2
   168 | D:1      | Reached XP level 2. HP: 13/19 MP: 3/3
   782 | D:2      | Reached XP level 3. HP: 23/23 MP: 4/4
   813 | D:2      | Reached skill level 4 in Polearms
   819 | D:2      | Found a shimmering altar of Xom.
  1723 | D:3      | Reached ** piety under Trog
  1756 | D:3      | Noticed a centaur
  1758 | D:3      | Shot with an arrow by a centaur

Skill      XL: |  1  2  3 |
---------------+----------+-----
Polearms       | 4 |  4.3
Fighting       | |  3.6
Armour         | |  2.2
Dodging        | |  2.4
Stealth        | |  0.2

Action                   || total
-------------------------++-------
Melee: Spear             ||    89
       Peck              ||    22
       Kick              ||    18
 Fire: Hunting sling     ||     1
  Use: Scroll            ||     3
  Eat: Meat ration       ||     1
Armor: Leather armour    ||     4
       Ring mail         ||     9
Dodge: Dodged            ||    33
